 Dungeon Crawl Stone Soup version 0.27.1-3-gb3d3a73c9e (webtiles) character file.

Game seed: 8579034906835559026

536 H0rd4k the Charlatan (level 7, 0/52 HPs)
             Began as a Human Artificer on Oct 18, 2021.
             Slain by a killer bee (6 damage)
             ... on level 5 of the Dungeon.
             The game lasted 00:05:58 (4326 turns).

H0rd4k the Charlatan (Human Artificer)              Turns: 4326, Time: 00:05:59

Health: 0/52       AC: 13    Str: 13    XL:     7   Next: 50%
Magic:  7/7        EV:  6    Int: 13    God:
Gold:   124        SH:  0    Dex: 13    Spells: 6/6 levels left

rFire    + . .     SeeInvis .   r - +1 falchion (holy)
rCold    x . .     Faith    .   (no shield)
rNeg     . . .     Spirit   .   p - +3 chain mail
rPois    .         Reflect  .   (no helmet)
rElec    .         Harm     .   (no cloak)
rCorr    .         Rampage  .   (no gloves)
Will     .....                  f - +1 pair of boots
Stlth    ..........             (no amulet)
HPRegen  0.17/turn              l - ring of fire
MPRegen  0.10/turn              (no ring)

@: lethally poisoned (0 -> -7), very slightly contaminated
A: no striking features
a: no special abilities


You were on level 5 of the Dungeon.
You visited 1 branch of the dungeon, and saw 5 of its levels.

You collected 124 gold pieces.

Inventory:

Hand Weapons
 o - a +0 short sword
 r - a +1 falchion of holy wrath (weapon)
Armour
 b - a +0 leather armour
 f - a +1 pair of boots (worn)
 p - a +3 chain mail (worn)
Jewellery
 l - a ring of fire (left hand)
Wands
 q - a wand of mindburst (13)
Scrolls
 g - 4 scrolls of identify {unknown}
 h - 2 scrolls of teleportation {unknown}
 j - a scroll of fog {unknown}
 k - a scroll of brand weapon {unknown}
 n - a scroll of enchant weapon {unknown}
Potions
 a - a potion of degeneration {unknown}
 i - a potion of invisibility
 m - a potion of berserk rage {unknown}
 s - 2 potions of flight {unknown}
Miscellaneous
 e - a piece from Xom's chessboard (15/15)


   Skills:
 + Level 3.3 Fighting
 + Level 2.9 Short Blades
 + Level 0.3(1.8) Long Blades
 - Level 2.0 Armour
 + Level 3.7 Dodging
 - Level 1.0 Stealth
 + Level 5.3 Evocations


You had 6 spell levels left.
You didn't know any spells.
Your spell library contained the following spells:

 Spells                   Type           Power      Damage    Failure   Level
 Beastly Appendage        Tmut           0%         N/A       100%        1
 Wereblood                Tmut           0%         N/A       100%        2
 Spider Form              Tmut/Pois      0%         N/A       100%        3
 Cause Fear               Hex            0%         N/A       100%        4
 Dragon Form              Tmut           0%         N/A       100%        7
 Dragon's Call            Summ           0%         N/A       100%        9


Dungeon Overview and Level Annotations

Branches:
Dungeon (5/15)
 Temple: D:4-7

Altars:

Annotations:
D:3 exclusion: downstairs


Message History

The orc priest is healed somewhat.
You flicker for a moment.
The orc priest calls upon Beogh to heal the orc priest.
The orc priest's wounds heal themselves!
Found a stone staircase leading down.
There is a stone staircase leading down here.
You climb downwards.
You hear the sound of rushing water.
There is an entrance to a sewer on this level.
Hurry and find it before the portal rusts away!
You hear the slow rusting of a very distant drain.
You flicker back into view.
The orc wizard gestures wildly while chanting.
The orc wizard flickers and vanishes!
Deactivating autopickup; reactivate with Ctrl-A.
Found 27 sling bullets and 11 gold pieces.
There is a stone staircase leading up here.
An orc comes into view. It is wielding a +0 flail.
The orc shouts!
Aiming: Charm
Press: ? - help, Shift-Dir - straight line, f - water moccasin
Aim: a water moccasin (chance to affect: 62%)
The water moccasin is charmed.
An orc comes into view. It is wielding a +0 dagger of venom.
Unknown command.
The killer bee barely misses you. The killer bee stings you.
* * * LOW HITPOINT WARNING * * *
You are lethally poisoned!
The killer bee poisons you!
Your water moccasin misses the killer bee.
Aiming: Charm
Press: ? - help, Shift-Dir - straight line, f - killer bee, p - water moccasin
Aim: a killer bee (ally target, chance to affect: 70%)
The killer bee struggles to resist.
The now-empty wand crumbles to dust.
* * * LOW HITPOINT WARNING * * *
You feel sick.
The killer bee stings you but does no damage. x2
Your water moccasin misses the killer bee.
The killer bee stings you.
You die...

.............#
....#.....( y..
.........o# {. ..
.#....<##.# #
.....#or#..#
.####.#.o#.#
#...S## #.#...y.#
#...o.y@#
#.o.............
...##....$.######
### #.####.. #.
#.. #. ..# ###


You could see 2 killer bees, 4 orcs, a quokka and a friendly water moccasin
(charmed).

Vanquished Creatures
  Eustachio (D:4)
  A killer bee (D:4)
  An iguana (D:4)
  An adder skeleton (D:2)
  4 worms
  2 dart slugs (D:2)
  3 orcs
  2 bats
  5 endoplasms
  A giant cockroach (D:2)
  7 goblins
  10 hobgoblins
  3 jackals (D:3)
  2 quokkas
  5 ball pythons
  5 frilled lizards
  3 kobolds
  5 rats
61 creatures vanquished.

Vanquished Creatures (collateral kills)
  A necrophage (D:4)
  3 killer bees (D:4)
  2 orcs (D:4)
  A hobgoblin (D:4)
  A kobold (D:4)
8 creatures vanquished.

Vanquished Creatures (others)
  A killer bee (D:4)
  An orc priest (D:4)
2 creatures vanquished.

Grand Total: 71 creatures vanquished

Notes
Turn   | Place    | Note
-------+----------+-------------------------------------------
     0 | D:1      | H0rd4k the Human Artificer began the quest for the Orb.
     0 | D:1      | Reached XP level 1. HP: 15/15 MP: 1/1
   695 | D:1      | Reached XP level 2. HP: 7/21 MP: 2/2
  1791 | D:2      | Reached XP level 3. HP: 25/26 MP: 3/3
  2030 | D:2      | Reached skill level 4 in Evocations
  2709 | D:3      | Reached XP level 4. HP: 22/32 MP: 4/4
  3555 | D:4      | Noticed a necrophage
  3560 | D:4      | Noticed Eustachio
  3610 | D:4      | Killed a necrophage
  3611 | D:4      | Reached skill level 1 in Short Blades
  3611 | D:4      | Reached XP level 5. HP: 6/38 MP: 5/5
  4072 | D:4      | Killed Eustachio
  4073 | D:4      | Reached XP level 6. HP: 46/46 MP: 6/6
  4074 | D:4      | Reached XP level 7. HP: 52/52 MP: 7/7
  4161 | D:4      | Reached skill level 5 in Evocations
  4199 | D:5      | Entered Level 5 of the Dungeon
  4200 | D:5      | Noticed a water moccasin
  4209 | D:4      | Killed a killer bee
  4326 | D:5      | Slain by a killer bee

Illustrated notes

Levels and vault maps discovered:
D:1:      minmay_arrival_diagonal_passages, layout_loops_ring
D:2:      layout_basic
D:3:      layout_basic
D:4:      layout_gridville, uniq_eustachio
D:5:      layout_rooms, cheibrodos_sewer_entry_bend, st_stairs_7

Skill      XL: |  1  2  3  4  5  6  7 |
---------------+----------------------+-----
Evocations     | 4 5 |  5.3
Dodging        | 2 3 |  3.7
Fighting       | 2 3 |  3.3
Short Blades   | 1 2 |  2.9
Long Blades    | |  0.3
Armour         | |  2.0
Stealth        | |  1.0

Action                   |  1- 3 |  4- 6 |  7- 9 || total
-------------------------+-------+-------+-------++-------
Melee: Club              |   170 |    12 |       ||   182
       Short sword       |       |    89 |    10 ||    99
       Falchion          |       |       |    33 ||    33
Evoke: Wand              |     3 |    26 |     6 ||    35
  Use: Potion            |       |       |     1 ||     1
 Stab: Sleeping          |     1 |     1 |       ||     2
Armor: Leather armour    |    76 |    33 |       ||   109
       Chain mail        |       |       |    37 ||    37
Dodge: Dodged            |   120 |    90 |    22 ||   232
       Rpst.: Falchion   |       |       |     2 ||     2
